 Dungeon Crawl Stone Soup version 0.26-a0-651-gb41185065b (webtiles) character file.

Game seed: 10567992098886442853

7726 MisterFreud the Carver (level 11, -8/94 HPs)
             Began as a Minotaur Fighter on Oct 30, 2020.
             Mangled by Snorg (14 damage)
             ... on level 10 of the Dungeon.
             The game lasted 00:12:13 (8648 turns).

MisterFreud the Carver (Minotaur Fighter)           Turns: 8648, Time: 00:12:14

Health: -8/94      AC: 17    Str: 23    XL:     11   Next: 0%
Magic:  10/10      EV:  7    Int:  5    God:
Gold:   188        SH: 11    Dex: 11    Spells: 10/10 levels left

rFire    . . .     SeeInvis .   N - +0 scimitar
rCold    + . .     Faith    .   c - +0 kite shield
rNeg     . . .     Spirit   .   F - +4 chain mail {MR+}
rPois    .         Reflect  .   (helmet restricted)
rElec    .         Harm     .   (no cloak)
rCorr    .         Rampage  .   s - +0 pair of gloves
MR       +....                  H - +0 pair of boots
Stlth    ..........             y - amulet of regeneration
HPRegen  0.65/turn              L - ring of protection from cold
MPRegen  0.12/turn              (no ring)

@: heavily drained
A: retaliatory headbutt, horns 2
a: no special abilities


You were on level 10 of the Dungeon.
You visited 1 branch of the dungeon, and saw 10 of its levels.

You collected 536 gold pieces.
You spent 348 gold pieces at shops.

Inventory:

Hand Weapons
 a - a +0 long sword
 N - a +0 scimitar (weapon)
Missiles
 v - a throwing net (quivered)
Armour
 b - a +0 scale mail
 c - a +0 kite shield (worn)
 j - a +0 plate armour
 s - a +0 pair of gloves (worn)
 F - a +4 chain mail of magic resistance (worn)
 H - a +0 pair of boots (worn)
Jewellery
 y - an amulet of regeneration (around neck)
 D - an uncursed amulet of magic regeneration
 L - a ring of protection from cold (left hand)
Wands
 k - a wand of iceblast (10)
 w - a wand of polymorph (2)
 A - a wand of enslavement (5)
 B - a wand of acid (9)
 J - a wand of paralysis (7)
 M - a wand of disintegration (11)
Scrolls
 e - a scroll of blinking {unknown}
 f - 3 scrolls of immolation {unknown}
 g - 13 scrolls of identify {unknown}
 h - 3 scrolls of magic mapping {unknown}
 i - 10 scrolls of remove curse {unknown}
 m - 2 scrolls of enchant armour {unknown}
 q - 3 scrolls of amnesia {unknown}
 r - 2 scrolls of fog {unknown}
 x - 2 scrolls of fear {unknown}
 z - 3 scrolls of enchant weapon {unknown}
 C - 2 scrolls of teleportation {unknown}
Potions
 d - 2 potions of might
 l - 7 potions of heal wounds
 n - 2 potions of magic {unknown}
 o - 3 potions of haste
 p - 4 potions of lignification
 t - 5 potions of stabbing {unknown}
 u - 3 potions of cancellation {unknown}
 E - 3 potions of curing {unknown}
 G - 3 potions of flight {unknown}
 I - 2 potions of brilliance {unknown}
 K - a potion of invisibility {unknown}
 O - a potion of mutation {unknown}


   Skills:
 - Level 8.0(6.3) Fighting
 + Level 13.5(11.6) Long Blades
 - Level 10.0(8.2) Armour
 - Level 10.0(8.2) Shields


You had 10 spell levels left.
You didn't know any spells.
Your spell library contained the following spells:

 Spells                   Type           Power        Failure   Level
 Magic Dart               Conj           #...         100%        1
 Searing Ray              Conj           #.....       100%        2
 Sublimation of Blood     Necr           #.........   100%        2
 Dazzling Flash           Conj/Hex       #.....       100%        3
 Fulminant Prism          Conj/Hex       #.........   100%        4
 Iskenderun's Mystic Bla  Conj/Tloc      #.......     100%        4
 Bolt of Magma            Conj/Fire/Erth #.........   100%        5
 Excruciating Wounds      Necr           #.........   100%        5


Dungeon Overview and Level Annotations

Branches:
Dungeon (10/15)            Temple (0/1) D:7
   Lair: D:8-11         Orc: D:9-12

Altars:
Elyvilon
Gozag
Hepliaklqana
Kikubaaqudgha
Makhleb
Ru
Sif Muna
Trog
Vehumet
Wu Jian
Yredelemnul
The Shining One

Shops:
D:6 !   D:8 [

Annotations:
D:10 Snorg


Innate Abilities, Weirdness & Mutations

You reflexively headbutt those who attack you in melee.
You have a pair of horns on your head.


Message History

Snorg closely misses you. Snorg claws you! You block Snorg's attack.
There is an open door here.
Snorg bites you!!
* * * LOW HITPOINT WARNING * * *
Snorg claws you.
* * * LOW HITPOINT WARNING * * *
Snorg claws you!
* * * LOW HITPOINT WARNING * * *
Unknown command.
Unknown command.
Unknown command.
Unknown command.
Unknown command.
You feel much better. Snorg bites you!!
* * * LOW HITPOINT WARNING * * *
Snorg barely misses you. You block Snorg's attack.
Snorg bites you but does no damage. Snorg claws you!
* * * LOW HITPOINT WARNING * * *
Snorg claws you!
You die...

#...#### ###'########
#..........#
+..........#
#..........#
#..........#
#..........#
#..........#
#.....@....#
#.....T....#
#######'#### #..#
##.# ##########
####.##
.........######.....#
.........##.........#
.........#..###.....#


You could see Snorg (berserk).

Vanquished Creatures
  3 two-headed ogres (D:9)
  A troll (D:7)
  Grinder (D:3)
  2 hippogriffs
  A wyvern (D:8)
  A water moccasin (D:9)
  Duvessa (D:4)
  A hornet zombie (D:7)
  3 ice beasts
  A sky beast (D:8)
  A phantom (D:9)
  A necrophage (D:5)
  4 orc warriors
  6 ogres
  5 centaurs
  A big kobold (D:8)
  Blork the orc (D:6)
  6 bullfrogs
  A gnoll sergeant (D:9)
  Dowan (D:4)
  A jelly (D:9)
  3 scorpions
  4 killer bees (D:9)
  5 howler monkeys
  9 wights
  An electric eel (D:7)
  A bullfrog zombie (D:8)
  7 hounds
  4 orc priests
  9 orc wizards
  Terence (D:3)
  Ijyb (D:5)
  Natasha (D:4)
  3 iguanas
  8 worker ants
  2 worker ant zombies (D:5)
  Robin (D:2)
  3 gnolls (D:9)
  11 adders
  4 shadow imps
  A white imp (D:8)
  An ufetubus (D:8)
  An ooze (D:1)
  A worm (D:6)
  A dart slug (D:2)
  4 leopard geckos
  35 orcs
  8 bats
  5 giant cockroaches
  10 goblins
  5 hobgoblins
  13 jackals
  5 quokkas
  A ball python (D:4)
  3 frilled lizards
  10 kobolds
  2 leopard gecko skeletons
  12 rats
239 creatures vanquished.

Vanquished Creatures (others)
  An orc wizard (D:8)
1 creature vanquished.

Grand Total: 240 creatures vanquished

Notes
Turn   | Place    | Note
-------+----------+-------------------------------------------
     0 | D:1      | MisterFreud the Minotaur Fighter began the quest for the
                  | Orb.
     0 | D:1      | Reached XP level 1. HP: 19/19 MP: 0/0
   144 | D:1      | Reached XP level 2. HP: 5/28 MP: 1/1
   638 | D:1      | Reached skill level 5 in Fighting
   692 | D:1      | Reached XP level 3. HP: 36/36 MP: 2/2
  1010 | D:2      | Reached XP level 4. HP: 43/44 MP: 3/3
  1203 | D:2      | Noticed Robin
  1215 | D:2      | Killed Robin
  1870 | D:3      | Noticed Grinder
  1877 | D:3      | Paralysed by Grinder for 2 turns
  1889 | D:3      | Killed Grinder
  1889 | D:3      | Reached XP level 5. HP: 42/53 MP: 4/4
  1889 | D:3      | Reached XP level 6. HP: 48/61 MP: 5/5
  1953 | D:2      | Found a shimmering blue altar of Sif Muna.
  2114 | D:3      | Noticed Terence
  2127 | D:3      | Killed Terence
  2127 | D:3      | Reached skill level 3 in Long Blades
  2252 | D:3      | Found a basalt altar of Yredelemnul.
  2574 | D:4      | Reached XP level 7. HP: 26/68 MP: 6/6
  2792 | D:4      | Reached skill level 4 in Long Blades
  2836 | D:4      | Found a bloodstained altar of Trog.
  2842 | D:4      | Found a burning altar of Makhleb.
  2848 | D:4      | Found a shimmering blue altar of Sif Muna.
  2862 | D:4      | Reached skill level 5 in Armour
  2862 | D:4      | Reached skill level 5 in Shields
  3317 | D:4      | Noticed Dowan
  3317 | D:4      | Noticed Duvessa
  3330 | D:4      | Killed Duvessa
  3334 | D:4      | Reached skill level 5 in Long Blades
  3349 | D:4      | Killed Dowan
  3515 | D:4      | Found an ancient bone altar of Kikubaaqudgha.
  3518 | D:4      | Found an ornate altar of the Wu Jian Council.
  3518 | D:4      | Found a radiant altar of Vehumet.
  3568 | D:4      | Noticed Natasha
  3572 | D:4      | Killed Natasha
  3649 | D:5      | Entered Level 5 of the Dungeon
  3665 | D:5      | Reached XP level 8. HP: 69/74 MP: 7/7
  3742 | D:5      | Reached skill level 6 in Long Blades
  3768 | D:5      | Reached skill level 7 in Long Blades
  3925 | D:5      | Noticed Ijyb
  3937 | D:5      | Killed Ijyb
  4053 | D:5      | Found a sacrificial altar of Ru.
  4282 | D:6      | Reached skill level 8 in Long Blades
  4383 | D:6      | Found a white marble altar of Elyvilon.
  4711 | D:6      | Noticed Blork the orc
  4719 | D:6      | Killed Blork the orc
  4743 | D:6      | Found Xarch's Distillery.
  5183 | D:6      | Bought a potion of lignification for 36 gold pieces
  5183 | D:6      | Bought a potion of heal wounds for 60 gold pieces
  5183 | D:6      | Bought a potion of degeneration for 12 gold pieces
  5183 | D:6      | Bought a potion of haste for 120 gold pieces
  5183 | D:6      | Bought a potion of heal wounds for 60 gold pieces
  5183 | D:6      | Bought a potion of heal wounds for 60 gold pieces
  5309 | D:7      | Noticed a troll
  5319 | D:7      | Killed a troll
  5319 | D:7      | Reached XP level 9. HP: 32/81 MP: 8/8
  5388 | D:7      | Reached skill level 9 in Long Blades
  5513 | D:7      | Found a staircase to the Ecumenical Temple.
  6261 | D:8      | Reached skill level 10 in Long Blades
  6447 | D:8      | Reached XP level 10. HP: 60/88 MP: 9/9
  6569 | D:8      | Identified Sif Muna's Handbook of Dark Arts and Earth
  6788 | D:8      | Found a hazy altar of Hepliaklqana.
  6802 | D:8      | Found Etimoe's Armour Shop.
  7202 | D:9      | Noticed a two-headed ogre
  7214 | D:9      | Killed a two-headed ogre
  7214 | D:9      | Reached skill level 11 in Long Blades
  7266 | D:9      | Reached skill level 10 in Armour
  7266 | D:9      | Reached skill level 10 in Shields
  7353 | D:9      | Found an opulent altar of Gozag.
  7737 | D:9      | Noticed a two-headed ogre
  7750 | D:9      | Killed a two-headed ogre
  7750 | D:9      | Reached skill level 12 in Long Blades
  7990 | D:9      | Noticed a two-headed ogre
  8000 | D:9      | Killed a two-headed ogre
  8000 | D:9      | Reached skill level 13 in Long Blades
  8213 | D:9      | Found a glowing golden altar of the Shining One.
  8547 | D:10     | Entered Level 10 of the Dungeon
  8597 | D:10     | Reached XP level 11. HP: 94/94 MP: 10/10
  8625 | D:10     | Noticed Snorg
  8648 | D:10     | Mangled by Snorg

Illustrated notes

Levels and vault maps discovered:
D:1:      onia_arrival_handbag, layout_basic
D:2:      lemuel_upstairs_altar, layout_loops_ring, moated_statue,
          minmay_tetromino_t4, uniq_robin
D:3:      minmay_wonky_spiral, layout_loops_ring, lemuel_round_altar,
          kennysheep_doodads, uniq_terence, uniq_grinder
D:4:      layout_loops_ring, grunt_temple_overflow_open, uniq_duvessa,
          uniq_natasha
D:5:      layout_basic, nicolae_ru_path_of_blood, uniq_ijyb
D:6:      layout_basic, kennysheep_mini, serial_shops,
          nicolae_shop_window_shopping, hangedman_decor_diamond_cutter,
          uniq_blork_the_orc
D:7:      layout_loops_ring, minmay_temple_entry_slanted, kennysheep_path_1
D:8:      layout_basic, lemuel_round_altar, serial_rivers,
          chequers_serial_rivers_micro_a, chequers_serial_rivers_micro_b,
          chequers_serial_rivers_marsh, chequers_serial_rivers_room_b,
          chequers_serial_rivers_micro_d, chequers_serial_rivers_large_b,
          nicolae_ossuary_entry_plus, serial_shops, nicolae_shop_behind_doors
D:9:      layout_gridville, grunt_gozag_breadcrumbs, tso_altar
D:10:     layout_roguey, basic_altar, kennysheep_windowed_goal, uniq_snorg

Skill      XL: |  1  2  3  4  5  6  7  8  9 10 |
---------------+-------------------------------+-----
Fighting       | 4 5 6 8 |  8.0
Shields        | 4 6 7 9 10 | 10.0
Armour         | 4 6 7 9 10 | 10.0
Long Blades    | 3 5 8 10 13 | 13.5

Action                   |  1- 3 |  4- 6 |  7- 9 | 10-12 || total
-------------------------+-------+-------+-------+-------++-------
Melee: Long sword        |    80 |   131 |   385 |   272 ||   868
       Headbutt          |     9 |    22 |    95 |    62 ||   188
       Scimitar          |       |       |       |    22 ||    22
Evoke: Wand              |       |       |     4 |     1 ||     5
  Use: Potion            |       |       |       |     1 ||     1
Armor: Scale mail        |    28 |       |       |       ||    28
       Plate armour      |    15 |   101 |    37 |       ||   153
       Skin              |       |     2 |       |       ||     2
       Chain mail        |       |       |   121 |   147 ||   268
Dodge: Dodged            |    12 |    18 |    78 |    82 ||   190
Block: Kite shield       |    34 |    93 |   163 |   182 ||   472
       Rpst.: Long sword |     3 |     3 |    21 |    19 ||    46
       Scimitar          |       |       |       |     2 ||     2

Table legend: (Time is in decaauts)
 A = Elapsed time spent in this place.
 B = Non-inter-level travel time spent in this place.
 C = Inter-level travel time spent in this place.
 D = Time resting spent in this place.
 E = Time spent auto-exploring this place.
 F = Levels seen in this place.
 G = Mean time per level.
                   A        B        C        D        E       F      G
               +--------+--------+--------+--------+--------+-----+--------+
         Total |   8735 |   8414 |    321 |    282 |   6514 |  10 |  873.5 |
       Dungeon |   8735 |   8414 |    321 |    282 |   6514 |  10 |  873.5 |
               +--------+--------+--------+--------+--------+-----+--------+

Top non-repeatable levels by time:
     D:9: 1427 daAuts
     D:4: 1179 daAuts
     D:2: 1061 daAuts
     D:6: 1023 daAuts
     D:7: 1011 daAuts
     D:1: 852 daAuts
     D:8: 850 daAuts
     D:3: 708 daAuts
     D:5: 523 daAuts
    D:10: 97 daAuts
